[Event "13th All African Mixed Team Rapid-ch 202"]
[Site "Accra"]
[Date "2024.03.09"]
[Round "1.1"]
[White "Amin, Bassem"]
[Black "Wanyama, Harold"]
[Result "1-0"]
[ECO "C00"]
[WhiteElo "2670"]
[BlackElo "2226"]
[Annotator "TA"]
[PlyCount "59"]
[EventDate "2024.03.07"]
[EventType "rapid"]
[EventCountry "GHA"]
[SourceTitle "playchess.com"]
[Source "ChessBase"]
[SourceQuality "1"]
[TimeControl "900+10"]

1. e4 c5 2. Nf3 e6 3. d3 Nc6 4. g3 Nf6 5. Bg2 d5 6. Nbd2 Rb8 7. O-O dxe4 8. dxe4 b5 {[%emt 0:00:12][%cal Bb7b5,Bb5b4][%mdl 32] White has an edge.} 9. e5 Nd5 10. c3 Be7 11. a4 {[%emt 0:00:39][%cal Ba2a4,Ba4a5][%mdl 32] And now axb5 would win.} b4 12. c4 Nb6 13. Qe2 O-O 14. Ne4 Nd4 (14... Ba6 $11 {remains equal.} 15. b3 Na5) 15. Nxd4 $16 Qxd4 {[%emt 0:00:20][%mdl 8192] Loses the game.} (15... cxd4 $16 16. Rd1 Qc7) 16. a5 $18 Qxc4 {[%emt 0:00:30] [#]} 17. Qg4 {[%emt 0:00:02] White is clearly winning.} h5 18. Qf4 ({Much less strong is} 18. Qxh5 Nd5 19. Bg5 Bb7) 18... g5 (18... Qd4 $142 19. axb6 axb6) 19. Nf6+ ({Worse is} 19. Nxg5 Qxf4 20. gxf4 Nc4 $11) 19... Bxf6 20. Qxf6 Nd7 21. Qxg5+ Kh7 22. Qxh5+ Kg8 23. Bh6 {[%emt 0:00:05] [#] White wants to mate with Qg5+. A strong pair of Bishops.} Qd3 24. Qh4 {[%emt 0:01:19] Black must now prevent Be4.} Nxe5 25. Qf6 Qg6 {[%emt 0:00:13] Prevents Qg7+.} 26. Qxe5 Qxh6 27. Qxb8 Ba6 28. Qxa7 Bxf1 29. Rxf1 Qd2 30. Qxc5 {[%emt 0:00:09] Weighted Error Value: White=0.04 (flawless) /Black=0.57.  Loses game:     	---       	Black=1      Mistake:       	---       	Black=2      Inaccurate:     	White=1     	Black=1      OK:         	White=6     	Black=6      Best:        	White=3     	Black=1} 1-0

[Event "13th All African Mixed Team Rapid-ch 202"]
[Site "Accra"]
[Date "2024.03.09"]
[Round "1.2"]
[White "Nakabo, Peninah"]
[Black "Wafa, Shahenda"]
[Result "0-1"]
[ECO "B22"]
[WhiteElo "1836"]
[BlackElo "2083"]
[Annotator "RC"]
[PlyCount "55"]
[EventDate "2024.03.07"]
[EventType "rapid"]
[EventCountry "GHA"]
[SourceTitle "playchess.com"]
[Source "ChessBase"]
[SourceQuality "1"]
[TimeControl "900+10"]

1. e4 c5 2. Nf3 Nc6 3. c3 d5 4. exd5 Qxd5 5. d4 Nf6 6. Bb5 Bg4 7. Nbd2 cxd4 8. Bxc6+ Qxc6 9. cxd4 Qe6+ 10. Qe2 Qxe2+ 11. Kxe2 O-O-O 12. Nb3 Nd5 13. Bd2 e6 14. Rhc1+ Kb8 15. h3 Bh5 16. g4 Bg6 17. Ne5 f6 18. Nc4 Bb4 19. Be3 h5 20. a3 Be7 21. Nbd2 hxg4 22. hxg4 Rh4 23. Rg1 Rc8 24. Rac1 b5 25. Na5 Rxc1 26. Rf1 Re1+ 27. Rxe1 Rxg4 28. Rc1 0-1

[Event "13th All African Mixed Team Rapid-ch 202"]
[Site "Accra"]
[Date "2024.03.09"]
[Round "1.3"]
[White "Rongwane, Gomolemo"]
[Black "Arab, Adlane"]
[Result "0-1"]
[ECO "E15"]
[WhiteElo "2021"]
[BlackElo "2477"]
[Annotator "TA"]
[PlyCount "66"]
[EventDate "2024.03.07"]
[EventType "rapid"]
[EventCountry "GHA"]
[SourceTitle "playchess.com"]
[Source "ChessBase"]
[SourceQuality "1"]
[TimeControl "900+10"]

1. d4 Nf6 2. Nf3 d5 3. c4 e6 4. g3 Bb4+ 5. Bd2 Be7 6. Bg2 O-O 7. O-O Nbd7 8. Qc2 c6 9. Rd1 b6 10. a4 Ba6 11. b3 c5 12. dxc5 Bxc5 13. b4 Be7 {[%emt 0:00:06] The position is equal.} 14. cxd5 Bxe2 15. Re1 (15. dxe6 $1 $14 Rc8 (15... Bxd1 16. Qxd1 Ng4 17. exd7 $18) 16. Nc3 Bxd1 17. Rxd1 fxe6 18. Ng5) 15... Rc8 (15... Bxf3 $15 16. Bxf3 Nxd5 (16... exd5 17. Na3 $11)) 16. Qb2 (16. Nc3 $1 $11 {remains equal.} Bxf3 (16... Bxb4 17. dxe6 Bxf3 18. exd7 $18) 17. Bxf3) 16... Bxf3 $17 17. Bxf3 Nxd5 ({But not} 17... exd5 $6 18. Nc3 $11) 18. Ra3 Bf6 $36 {[%emt 0:00:24][%mdl 2048] Black is really pushing.} 19. Qa2 (19. Qb3 $17) 19... Ne5 $19 {[%emt 0:00:17][%cal Od5c3] Strongly threatening ...Nc3!} 20. Bg2 Qd6 21. Rb3 Rfd8 22. b5 Nc4 23. Rd3 Nb2 (23... h5 $19 {Threatens to win with ...Ne5.} 24. Bc1 Qc5) 24. Rf3 $2 {[%emt 0:00:00] [#]} (24. Rb3 $1 $15) 24... Nc4 25. Rd3 Ne5 {[%emt 0:00:07] A dynamic duo of knights.} 26. Rb3 h6 27. h3 Rc7 28. a5 Rdc8 29. axb6 axb6 30. Qa4 Nc4 31. Rd3 (31. Bc1 $142) 31... Nb2 32. Bf4 $2 {[%emt 0:00:00] [#]} (32. Qa3 Qd7 33. Rf3) 32... Qxf4 33. gxf4 Nxa4 {[%emt 0:00:02] Weighted Error Value: White=0.49/Black=0.42.  Loses game:     	White=1     	---        Mistake:       	White=5     	Black=2      Inaccurate:     	White=1     	Black=2      OK:         	White=5     	Black=8      Best:        	White=1     	Black=2} 0-1

[Event "13th All African Mixed Team Rapid-ch 202"]
[Site "Accra"]
[Date "2024.03.09"]
[Round "1.4"]
[White "Nassr, Lina"]
[Black "Banda Natalie Katlo"]
[Result "1-0"]
[ECO "D05"]
[WhiteElo "2080"]
[BlackElo "1772"]
[Annotator "RC"]
[PlyCount "123"]
[EventDate "2024.03.07"]
[EventType "rapid"]
[EventCountry "GHA"]
[SourceTitle "playchess.com"]
[Source "ChessBase"]
[SourceQuality "1"]
[TimeControl "900+10"]

1. d4 d5 2. Nf3 Nf6 3. e3 e6 4. Bd3 c5 5. b3 Nc6 6. Bb2 Bd6 7. dxc5 Bxc5 8. a3 b6 9. O-O Bb7 10. Nbd2 O-O 11. b4 Bd6 12. c4 dxc4 13. Nxc4 Be7 14. Qc2 h6 15. Rfd1 Qc8 16. Rac1 b5 17. Ncd2 a6 18. Ne4 Nd5 19. Nc5 Bxc5 20. Qxc5 Nde7 21. Ne5 Rd8 22. Nf3 Rd5 23. Qc3 Qf8 24. Be4 Rdd8 25. Ne5 f6 26. Nxc6 Bxc6 27. Bxc6 Rac8 28. Rxd8 Qxd8 29. Qb3 Nxc6 30. Qxe6+ Kf8 31. h3 Qe8 32. Qd6+ Ne7 33. Qxa6 Rxc1+ 34. Bxc1 Qd7 35. Bb2 Kf7 36. Bd4 Nf5 37. Qb6 Nd6 38. Qb8 Nf5 39. Bc5 Kg6 40. Qf4 Kf7 41. e4 Ne7 42. Bxe7 Kxe7 43. Qg4 Qxg4 44. hxg4 Kd6 45. f3 Ke5 46. Kf2 Kd4 47. Ke2 g5 48. g3 Kc4 49. f4 Kd4 50. Kf3 Kc4 51. Ke3 Kb3 52. e5 fxe5 53. fxe5 Kxa3 54. e6 Kxb4 55. e7 Ka3 56. e8=Q b4 57. Qa8+ Kb2 58. Kd2 b3 59. Qh8+ Ka2 60. Kc1 Ka3 61. Qa1+ Kb4 62. Kb2 1-0

[Event "13th All African Mixed Team Rapid-ch 202"]
[Site "Accra"]
[Date "2024.03.09"]
[Round "1.5"]
[White "Silva, David"]
[Black "Oluka Robert Mcligeyo"]
[Result "1-0"]
[ECO "B22"]
[WhiteElo "2358"]
[BlackElo "2041"]
[Annotator "TA"]
[PlyCount "65"]
[EventDate "2024.03.07"]
[EventType "rapid"]
[EventCountry "GHA"]
[SourceTitle "playchess.com"]
[Source "ChessBase"]
[SourceQuality "1"]
[TimeControl "900+10"]

1. e4 c5 2. c3 Nf6 3. e5 Nd5 4. d4 cxd4 5. Nf3 Nc6 6. cxd4 d6 7. Bc4 e6 8. O-O Be7 9. Qe2 Nb6 10. Bd3 O-O 11. a3 {[%emt 0:00:16] White is more active.} dxe5 12. dxe5 Nd4 13. Nxd4 Qxd4 {[%emt 0:00:02] White is slightly better.} 14. Rd1 Qh4 15. Nc3 Bd7 16. Be4 {[%emt 0:00:30][%cal Oc1e3] Threatens to win with Be3!} Bc6 17. Rd3 {[%emt 0:00:40] aiming for Rh3.} Bxe4 18. Rh3 ({Much weaker is} 18. Qxe4 Qxe4 19. Nxe4 Nc4 $15) 18... Qxh3 19. gxh3 Bg6 20. Be3 Rac8 21. Bxb6 axb6 22. Qf3 Rc7 23. Rd1 h6 24. a4 Bb4 25. Rd4 Bxc3 26. bxc3 Rfc8 27. h4 Rxc3 28. Qxb7 Rc1+ 29. Kg2 R8c4 30. Qxb6 {[%emt 0:03:55] Black must now prevent Rxc4.} Be4+ $2 {[%emt 0:00:01][%mdl 8192] [#]} (30... R4c3 $11) 31. Rxe4 $1 $18 Rxe4 {[%emt 0:03:16] [#]} 32. Qd8+ $1 Kh7 {[%emt 0:00:00] [#]} 33. Qd3 $1 {[%emt 0:00:03] Weighted Error Value: White=0.06 (flawless) /Black=0.32.  Loses game:     	---       	Black=2      Inaccurate:     	White=1     	Black=1      OK:         	White=4     	Black=10     Best:        	White=3     	Black=3      Strong:       	White=2     	---        Brilliant:      	White=1     	---} 1-0

[Event "13th All African Mixed Team Rapid-ch 202"]
[Site "Accra"]
[Date "2024.03.09"]
[Round "1.6"]
[White "Mongeli, Sasha"]
[Black "Junior, Ednasia"]
[Result "1/2-1/2"]
[ECO "E17"]
[WhiteElo "1858"]
[BlackElo "1915"]
[Annotator "RC"]
[PlyCount "114"]
[EventDate "2024.03.07"]
[EventType "rapid"]
[EventCountry "GHA"]
[SourceTitle "playchess.com"]
[Source "ChessBase"]
[SourceQuality "1"]
[TimeControl "900+10"]

1. d4 Nf6 2. Nf3 b6 3. g3 Bb7 4. Bg2 e6 5. O-O Be7 6. c4 O-O 7. Nc3 d6 8. b3 Nbd7 9. Bb2 Ne4 10. Rc1 Ndf6 11. Nxe4 Nxe4 12. Nd2 Nxd2 13. Qxd2 Bxg2 14. Kxg2 f5 15. Rce1 Qe8 16. d5 e5 17. f4 e4 18. e3 Qg6 19. Rg1 h5 20. Kf1 Bf6 21. Rb1 a5 22. a4 Qg4 23. Qe2 Kf7 24. Ke1 Rh8 25. h4 Qg6 26. Rg2 Rhd8 27. Kf1 Qh7 28. Qc2 g6 29. Bxf6 Kxf6 30. Qb2+ Kf7 31. Rd1 Qg7 32. Qxg7+ Kxg7 33. Rgd2 Kf7 34. Kf2 Ke7 35. Rd4 Rac8 36. R1d2 c6 37. dxc6 Rxc6 38. Rd5 Rc5 39. Ke2 Rxd5 40. Rxd5 Rc8 41. Rb5 Rc6 42. Kd2 Kd7 43. Kc3 Ke7 44. Kc2 Kd7 45. Kc3 Ke7 46. Kd4 Ke6 47. Kc3 Kd7 48. Kc2 Ke7 49. Kd2 Kd7 50. Kc3 Ke7 51. b4 axb4+ 52. Kxb4 Kd7 53. Rd5 Kc7 54. Rb5 Kd7 55. Rd5 Kc7 56. Rb5 Kd7 57. Rd5 Kc7 1/2-1/2

[Event "13th All African Mixed Team Rapid-ch 202"]
[Site "Accra"]
[Date "2024.03.09"]
[Round "1.7"]
[White "Pereira, Sergio Murilo de Ara"]
[Black "KIGIGHA, Bomo Lovet"]
[Result "0-1"]
[ECO "B01"]
[WhiteElo "2115"]
[BlackElo "2231"]
[Annotator "TA"]
[PlyCount "26"]
[EventDate "2024.03.07"]
[EventType "rapid"]
[EventCountry "GHA"]
[SourceTitle "playchess.com"]
[Source "ChessBase"]
[SourceQuality "1"]
[TimeControl "900+10"]

1. e4 d5 2. exd5 Qd7 3. d6 Qxd6 4. Nc3 Qd5 5. Rb1 Qa5 6. b4 c6 $2 {[%emt 0:00:00][%mdl 8192] [#]} 7. Nf3 $2 (7. bxa5 $18 Nf6 8. Ba3) 7... Qc7 $16 8. Bc4 ({White should play} 8. d4 $14) 8... Nf6 9. O-O Bf5 10. b5 e6 11. bxc6 Be7 $2 {[%emt 0:00:00][%mdl 8192] [#]} (11... Nxc6 $11 12. Nb5 Qd7) 12. Bb5 $2 (12. cxb7 $18 Qc6 13. Ne5 (13. bxa8=R Qxa8 14. Nd4 Bg4 $18)) 12... Nxc6 $11 13. Bxc6+ Qxc6 {[%emt 0:00:00][%mdl 32768] Weighted Error Value: White=1.54/Black=0.18 (very precise) .  Loses game:     	---       	Black=2      Missed win:     	White=2     	---        Inaccurate:     	White=1     	---        OK:         	---       	Black=3     . Loss on time!?} 0-1

[Event "13th All African Mixed Team Rapid-ch 202"]
[Site "Accra"]
[Date "2024.03.09"]
[Round "1.9"]
[White "Mwali, Chitumbo"]
[Black "Cogan, Nicolas"]
[Result "1-0"]
[ECO "A37"]
[WhiteElo "2340"]
[BlackElo "2070"]
[Annotator "TA"]
[PlyCount "83"]
[EventDate "2024.03.07"]
[EventType "rapid"]
[EventCountry "GHA"]
[SourceTitle "playchess.com"]
[Source "ChessBase"]
[SourceQuality "1"]
[TimeControl "900+10"]

1. c4 c5 2. g3 Nc6 3. Bg2 g6 4. Nc3 Bg7 5. Nf3 d6 6. O-O e6 7. a3 Nge7 8. b4 O-O 9. bxc5 dxc5 10. Bb2 b6 11. Qc2 Bb7 12. Ne4 e5 {[%emt 0:00:17] Schwarz hat minimalen Vorteil.} 13. d3 h6 14. e3 Qc7 15. Nc3 Rad8 16. Nd2 Na5 17. e4 Nac6 18. Nd5 Nxd5 (18... Qd7 $11) 19. cxd5 $16 Nd4 20. Bxd4 exd4 21. a4 ({Günstiger ist} 21. Qb3 $16) 21... f5 $14 22. f4 fxe4 23. dxe4 Ba6 (23... g5 $1 $11) 24. Nc4 (24. e5 $1 $16 d3 25. Qc3) 24... Bb7 $2 (24... d3 $1 $11 {und Schwarz steht sicher.} 25. Qxd3 Bxa1 26. Rxa1 g5) 25. Rab1 $36 {[%emt 0:00:13][%mdl 2048] Weiss hat starke Initiative.} g5 26. fxg5 hxg5 27. Rxf8+ Rxf8 {[%emt 0:00:40] [#]} 28. a5 (28. e5 $1 $18 {[%cal Re5e6][%mdl 512] Und jetzt e6 wäre schön.} Bxe5 (28... d3 29. Qxd3) 29. Qg6+ Bg7 30. Be4 (30. Qxg5 Qd8 $11)) 28... bxa5 $2 (28... b5 $14 29. Rxb5 Ba6) 29. d6 ({Weiss braucht} 29. e5 $1 $18 {Schwarz muss nun d6 beachten.} Ba6 30. Re1) 29... Qc8 30. Qb3 {[%emt 0:00:36] Weiß steht aktiver.} (30. Nxa5 $16 Ba8 31. Re1) 30... Rf7 ({Vorzuziehen ist} 30... Ba6 $1 $14) 31. Nxa5 Ba6 {[%emt 0:00:14] [#]} (31... d3 32. Qxd3 (32. Nxb7 c4 $16) 32... c4 33. Qxc4 (33. Nxc4 Ba6 $18) 33... Qxc4 34. Nxc4 Ba6) 32. e5 $1 c4 33. Qb8 Bxe5 $2 (33... c3 34. e6 c2 35. exf7+ Kf8 36. Qxc8+ Bxc8) 34. Qxc8+ Bxc8 35. Nxc4 Bf5 (35... Bf6 $142 36. Bd5 Kg7 37. Bxf7 Kxf7) 36. Rb8+ Kg7 37. Nxe5 Rf6 38. Rb7+ Kh6 39. g4 {[%emt 0:00:22] Weiß setzt Matt.} Bc8 40. d7 Bxd7 41. Rxd7 Re6 {[%emt 0:00:07] [#]} 42. Be4 $1 {[%emt 0:00:12] Gewichteter Fehlerwert: Weiß=0.54/Schwarz=0.81.  Verlustzug:     	---       	Schwarz=3     Fehler:       	Weiß=6     	Schwarz=5     Ungenau:       	Weiß=1     	Schwarz=2     OK:         	Weiß=11    	Schwarz=5     Bester:       	Weiß=1     	Schwarz=1} 1-0

[Event "13th All African Mixed Team Rapid-ch 202"]
[Site "Accra"]
[Date "2024.03.09"]
[Round "1.10"]
[White "Yavo Tchetche, Marie"]
[Black "Mbatha, Constance"]
[Result "1-0"]
[ECO "D02"]
[WhiteElo "1659"]
[BlackElo "1799"]
[Annotator "NA RC"]
[PlyCount "145"]
[EventDate "2024.03.07"]
[EventType "rapid"]
[EventCountry "GHA"]
[SourceTitle "playchess.com"]
[Source "ChessBase"]
[SourceQuality "1"]
[TimeControl "900+10"]

1. d4 d5 2. Nf3 Bf5 3. g3 Nd7 4. Bg2 e6 5. Nbd2 Ngf6 6. c4 Bb4 7. a3 Bxd2+ 8. Nxd2 O-O 9. O-O c6 10. Re1 Re8 11. Qb3 b6 12. Nf3 c5 13. Bf4 Be4 14. Rad1 dxc4 15. Qxc4 Bd5 16. Qc1 Rc8 17. Qd2 cxd4 18. Nxd4 Bxg2 19. Kxg2 e5 20. Nf5 exf4 21. Nd6 Qe7 22. Nxe8 Rxe8 23. Qxf4 h6 24. Kg1 Qe6 25. Qc7 a5 26. e3 Nd5 27. Qc4 N5f6 28. Qb5 Rc8 29. Rd2 Rc5 30. Qe2 Rh5 31. f3 Rc5 32. Red1 Qc6 33. Rd6 Qc7 34. b4 axb4 35. axb4 Rc2 36. R6d2 Rc4 37. b5 Rc5 38. Ra2 Qb7 39. e4 Qc7 40. Ra8+ Kh7 41. Qd3 g6 42. f4 Rc3 43. Qd4 Rc4 44. Qd3 Qc5+ 45. Kh1 Rxe4 46. Rd8 Qe7 47. Rxd7 Nxd7 48. Qxd7 Re1+ 49. Kg2 Re2+ 50. Kh3 Qxd7+ 51. Rxd7 Kg7 52. Rd6 Re6 53. Rc6 h5 54. Rxe6 fxe6 55. g4 Kf6 56. Kh4 hxg4 57. Kxg4 e5 58. fxe5+ Kxe5 59. h4 Kf6 60. Kf4 Ke6 61. Kg5 Kd5 62. Kxg6 Kc5 63. h5 Kxb5 64. h6 Kc4 65. h7 b5 66. h8=Q b4 67. Qb2 b3 68. Kf5 Kb4 69. Ke4 Kc4 70. Ke3 Kb4 71. Kd3 Ka4 72. Kc3 Ka5 73. Qxb3 1-0

[Event "13th All African Mixed Team Rapid-ch 202"]
[Site "Accra"]
[Date "2024.03.09"]
[Round "1.11"]
[White "Fomevor, Cephas Clinton"]
[Black "Mhango, Banele"]
[Result "0-1"]
[ECO "E61"]
[WhiteElo "1887"]
[BlackElo "2193"]
[Annotator "RC"]
[PlyCount "81"]
[EventDate "2024.03.07"]
[EventType "rapid"]
[EventCountry "GHA"]
[SourceTitle "playchess.com"]
[Source "ChessBase"]
[SourceQuality "1"]
[TimeControl "900+10"]

1. d4 Nf6 2. c4 g6 3. Nc3 Bg7 4. Nf3 O-O 5. Bg5 d6 6. e3 c6 7. Be2 Nbd7 8. O-O h6 9. Bh4 g5 10. Bg3 Nh5 11. Qc2 Nxg3 12. hxg3 e5 13. Rfd1 Qe7 14. Rac1 f5 15. dxe5 dxe5 16. a3 a5 17. Na2 a4 18. Nb4 Nc5 19. Nd2 e4 20. Nf1 Qe5 21. Rb1 Be6 22. f4 exf3 23. gxf3 f4 24. exf4 gxf4 25. g4 h5 26. Nd3 Qg5 27. Nxc5 Qxc5+ 28. Kg2 hxg4 29. fxg4 f3+ 30. Bxf3 Rxf3 31. Kxf3 Rf8+ 32. Kg2 Bxg4 33. Nh2 Bf5 34. Qe2 Bg6 35. Nf3 Re8 36. Qf2 Qf5 37. Re1 Rf8 38. Qg3 Bh5 39. Rf1 Qc2+ 40. Kh1 Rxf3 41. Rxf3 0-1

[Event "13th All African Mixed Team Rapid-ch 202"]
[Site "Accra"]
[Date "2024.03.09"]
[Round "1.12"]
[White "February, Jesse Nikki"]
[Black "Gertrude Banini"]
[Result "1-0"]
[ECO "B17"]
[WhiteElo "1920"]
[BlackElo "1681"]
[Annotator "RC"]
[PlyCount "52"]
[EventDate "2024.03.07"]
[EventType "rapid"]
[EventCountry "GHA"]
[SourceTitle "playchess.com"]
[Source "ChessBase"]
[SourceQuality "1"]
[TimeControl "900+10"]

1. e4 c6 2. d4 d5 3. Nc3 dxe4 4. Nxe4 Nd7 5. Bc4 h6 6. Qe2 e6 7. Bf4 Ndf6 8. O-O-O Nxe4 9. Qxe4 Nf6 10. Qe2 Bd6 11. Be5 Bxe5 12. dxe5 Nd5 13. Nf3 Qc7 14. Qe4 b6 15. Kb1 Bb7 16. Qg4 O-O 17. Bd3 Rfd8 18. Qe4 g6 19. Qh4 h5 20. g4 Qe7 21. Ng5 Nf4 22. gxh5 Nxh5 23. Rhg1 Rd5 24. Rde1 Rad8 25. Qh3 c5 26. Nxf7 Qxf7 1-0

[Event "13th All African Mixed Team Rapid-ch 202"]
[Site "Accra"]
[Date "2024.03.09"]
[Round "1.14"]
[White "Benson, Maud"]
[Black "Vilhete, Vania Fausto Da T."]
[Result "1-0"]
[ECO "E18"]
[WhiteElo "1664"]
[BlackElo "1829"]
[Annotator "NA RC"]
[PlyCount "105"]
[EventDate "2024.03.07"]
[EventType "rapid"]
[EventCountry "GHA"]
[SourceTitle "playchess.com"]
[Source "ChessBase"]
[SourceQuality "1"]
[TimeControl "900+10"]

1. d4 d5 2. Nf3 e6 3. g3 Nf6 4. Bg2 Be7 5. O-O O-O 6. c4 b6 7. Nc3 Bb7 8. Ne5 Nbd7 9. Nxd7 Qxd7 10. Qd3 {[%emt 0:02:44] E18: Queen's Indian: Old Main Line (4 g3 Bb7 5 Bg2 Be7 6 0-0 0-0 7 Nc3).} Rfd8 11. Rd1 dxc4 12. Qxc4 Bxg2 13. Kxg2 c5 14. dxc5 Qc6+ 15. Kg1 Rxd1+ 16. Nxd1 Bxc5 17. Be3 Qe4 18. Rc1 Rd8 19. Qxe4 Nxe4 20. Kg2 h6 21. h4 Bxe3 22. Nxe3 Rd2 23. Kf3 Nc5 24. Rc2 Rxc2 25. Nxc2 Kf8 26. Nd4 Na4 27. b3 Nc3 28. a3 Nb1 29. a4 Nd2+ 30. Kf4 Ke8 31. Ke3 Nb1 32. Nc6 a6 33. Kd3 b5 34. a5 Kd7 35. Nb8+ Kc7 36. Nxa6+ Kb7 37. Nb4 Na3 38. Kc3 Nb1+ 39. Kc2 Na3+ 40. Kb2 Nc4+ 41. bxc4 bxc4 42. Kc3 f6 43. Kxc4 e5 44. Kb5 g5 45. Nd5 f5 46. h5 f4 47. gxf4 exf4 48. f3 Ka7 49. Ne7 Kb7 50. Ng8 Ka7 51. Nxh6 Kb7 52. Nf5 g4 53. fxg4 1-0

[Event "13th All African Mixed Team Rapid-ch 202"]
[Site "Accra"]
[Date "2024.03.09"]
[Round "1.15"]
[White "Akpa Prince"]
[Black "Rakotomaharo, Fy Antenaina"]
[Result "0-1"]
[ECO "E06"]
[WhiteElo "1845"]
[BlackElo "2454"]
[Annotator "TA"]
[PlyCount "66"]
[EventDate "2024.03.07"]
[EventType "rapid"]
[EventCountry "GHA"]
[SourceTitle "playchess.com"]
[Source "ChessBase"]
[SourceQuality "1"]
[TimeControl "900+10"]

1. d4 d5 2. Nf3 Nf6 3. c4 e6 4. g3 Be7 5. Bg2 O-O 6. O-O a5 7. Nc3 c6 8. Ne5 Nfd7 9. cxd5 {[%emt 0:00:24] The position is equal.} exd5 10. a4 (10. f4 $11) 10... Bb4 (10... Nxe5 $15 11. dxe5 Bc5) 11. e4 (11. Nd3 $11) 11... Nxe5 $15 12. dxe5 d4 13. Ne2 ({White should play} 13. Na2 $15) 13... c5 14. f4 ({White should try} 14. Nf4) 14... Nc6 $17 15. Bd2 b6 16. f5 (16. h3 $17 {is a better defense.}) 16... Nxe5 $19 17. f6 Bg4 {[%emt 0:00:46] [#] Hoping for ...d3.} (17... gxf6 18. Nf4 $17) 18. Bg5 $2 (18. fxg7 Re8 (18... Kxg7 $2 19. Bf4 $19) 19. Qe1) 18... d3 19. fxg7 Qxg5 20. gxf8=Q+ Rxf8 21. Rf5 Qe3+ (21... dxe2 $2 {too greedy.} 22. Rxg5+ Ng6 23. Qc2 $18 (23. Rxg4 exd1=N 24. Rxd1 Re8 $18) (23. Qd6 Be6 $18)) 22. Kh1 dxe2 23. Qd6 Bxf5 {[%emt 0:00:04] Black mates.} 24. h4 e1=Q+ 25. Rxe1 Qxe1+ 26. Kh2 Ng4+ 27. Kh3 Be6 28. Qf4 Bd2 29. Qxg4+ Bxg4+ 30. Kxg4 Re8 31. Kh3 Re6 32. b3 Rg6 33. g4 Bf4 {[%emt 0:00:00] Black took control after the opening.   Weighted Error Value: White=0.91/Black=0.04 (flawless) .  Mistake:       	White=6     	Black=1      Inaccurate:     	White=1     	---        OK:         	---       	Black=4      Best:        	---       	Black=3} 0-1

[Event "13th All African Mixed Team Rapid-ch 202"]
[Site "Accra"]
[Date "2024.03.09"]
[Round "1.16"]
[White "Tsinjoviniavo, Aina Mahasambatra"]
[Black "Ayiku, Angela Naa Amerley"]
[Result "0-1"]
[ECO "B27"]
[WhiteElo "1681"]
[BlackElo "1629"]
[Annotator "NA RC"]
[PlyCount "143"]
[EventDate "2024.03.07"]
[EventType "rapid"]
[EventCountry "GHA"]
[SourceTitle "playchess.com"]
[Source "ChessBase"]
[SourceQuality "1"]
[TimeControl "900+10"]

1. e4 c5 2. Nf3 g6 3. d4 cxd4 4. Nxd4 Bg7 5. Nc3 d6 6. Bb5+ Nd7 7. O-O Ngf6 8. Re1 O-O 9. Bg5 Qc7 10. h3 Ne5 11. Nf3 Nc6 12. Qd2 a6 13. Bd3 Be6 14. a3 Rad8 15. Bh6 d5 16. exd5 Bxd5 17. Nxd5 Rxd5 18. Bf4 Qd8 19. Qe2 Nh5 20. Bh2 Bxb2 21. Rab1 Bc3 22. Red1 b5 23. Be4 Nd4 24. Qd3 Nxf3+ 25. Qxf3 Rxd1+ 26. Rxd1 Qc8 27. Bb7 Qc5 28. Bxa6 Qxa3 29. Bxb5 Qb4 30. Bd3 Rd8 31. g4 Nf6 32. g5 Nh5 33. Kg2 Qh4 34. Qe3 Bd4 35. Bg3 Bxe3 36. Bxh4 Bc5 37. Kf3 Ng7 38. Bg3 Ne6 39. h4 Nd4+ 40. Kg4 Nc6 41. Rb1 Bd4 42. Rb7 e6 43. Rc7 Ne5+ 44. Bxe5 Bxe5 45. Rc6 Rb8 46. f4 Bg7 47. c4 Rb2 48. Kg3 Rb3 49. Rd6 Bf8 50. Rd8 Kg7 51. Kg4 Be7 52. Rd7 Bc5 53. Be4 Bf2 54. Rd3 Rb1 55. Kf3 Bxh4 56. Rd2 Rb3+ 57. Rd3 Rb4 58. Rc3 Rb2 59. Rc2 Rb3+ 60. Kg4 Be1 61. Bf3 Ba5 62. c5 Bc7 63. c6 Rb4 64. Kg3 Rxf4 65. Kg2 Rf5 66. Rb2 Rxg5+ 67. Kf2 Rc5 68. Rb7 Be5 69. Ke3 Rc3+ 70. Ke4 Bd6 71. Rd7 Rxc6 72. Kd4 0-1

[Event "13th All African Mixed Team Rapid-ch 202"]
[Site "Accra"]
[Date "2024.03.09"]
[Round "1.17"]
[White "Zhemba, Jemusse"]
[Black "Pedro Manuel Envo Engonga Avom"]
[Result "1-0"]
[ECO "C27"]
[WhiteElo "2226"]
[BlackElo "1702"]
[Annotator "RC"]
[PlyCount "48"]
[EventDate "2024.03.07"]
[EventType "rapid"]
[EventCountry "GHA"]
[SourceTitle "playchess.com"]
[Source "ChessBase"]
[SourceQuality "1"]
[TimeControl "900+10"]

1. e4 e5 2. Bc4 Nf6 3. d3 Bc5 4. Nc3 d6 5. f4 Bxg1 6. Rxg1 Bg4 7. Qd2 Be6 8. f5 Bxc4 9. dxc4 Nc6 10. g4 Nd4 11. Qf2 Qd7 12. Be3 c5 13. g5 Ng8 14. Nd5 O-O-O 15. c3 Nc6 16. f6 g6 17. O-O-O h6 18. Bxc5 Qe6 19. Bxa7 Kd7 20. Qb6 Qh3 21. Qxb7+ Ke8 22. Qxc6+ Kf8 23. Bb8 Nxf6 24. Bxd6+ Kg7 1-0